 Dungeon Crawl Stone Soup version 0.31-a0-806-g0bc164a743 (webtiles) character file.

Game seed: 126819063118149522

39 GordonOverkill the Sneak (level 3, 0/30 HPs)
             Began as a Demigod Delver on Sept 20, 2023.
             Slain by an elf zombie (5 damage)
             ... in an ossuary.
             The game lasted 00:02:24 (281 turns).

GordonOverkill the Sneak (Demigod Delver)            Turns: 281, Time: 00:02:25

Health: 0/30       AC:  3    Str: 17    XL:     3   Next: 11%
Magic:  5/5        EV: 12    Int: 12    God:
Gold:   39         SH:  0    Dex: 15    Spells: 2/2 levels left

rFire   . . .        h - +0 war axe
rCold   . . .        (no shield)
rNeg    . . .        b - +0 leather armour
rPois   .            (no helmet)
rElec   .            (no cloak)
rCorr   .            (no gloves)
SInv    .            (no boots)
Will    .....        (no amulet)
Stlth   +++          (no ring)
HPRegen 0.25/turn    (no ring)
MPRegen 0.09/turn

%: no passive effects
@: mighty, hasted, very quick
A: high MP 1, forlorn, divine attributes
a: no special abilities


You were in an ossuary.
You visited 1 branch of the dungeon, and saw 3 of its levels.
You also visited: Ossuary.

You collected 39 gold pieces.

Inventory:

Hand Weapons
 h - a +0 war axe (weapon)
Missiles
 i - 7 stones (quivered)
Armour
 b - a +0 leather armour (worn)
Wands
 g - a wand of digging (3)
Scrolls
 c - a scroll of fog
 d - a scroll of identify {unknown}
 e - a scroll of fear
 j - 3 scrolls of acquirement {unknown}


   Skills:
 - Level 2.6 Fighting
 + Level 3.4 Axes
 - Level 1.7 Dodging
 - Level 4.5 Stealth


You had 2 spell levels left.
You didn't know any spells.
Your spell library was empty.

Dungeon Overview and Level Annotations

Branches:
Dungeon (6/15)             Temple (0/1) D:4         Ossuary (1/1)


Innate Abilities, Weirdness & Mutations

You have an increased reservoir of magic. (+10% MP)
You shall have no god before yourself.
Your divine heritage dramatically boosts your attributes as you level up.


Message History

The adder zombie is almost destroyed.
The adder zombie closely misses you.
You closely miss the adder zombie.
The adder zombie is almost destroyed.
You barely miss the adder zombie.
The adder zombie is almost destroyed.
The adder zombie completely misses you.
You slash the adder zombie!
You destroy the adder zombie!
Your Axes skill increases to level 3!
You slash the adder zombie!
The adder zombie is almost destroyed.
The adder zombie bites you.
* * * LOW HITPOINT WARNING * * *
You hit the adder zombie.
You destroy the adder zombie!
You slash the hound zombie!
The hound zombie is severely damaged.
The hound zombie closely misses you.
You slash the hound zombie!
You destroy the hound zombie!
You have reached level 3!
Your experience leads to a dramatic increase in your attributes!
Increase (S)trength, (I)ntelligence, or (D)exterity?
You feel stronger. x4
You slice the elf zombie!!
The elf zombie is moderately damaged.
The elf zombie completely misses you.
You closely miss the elf zombie.
The elf zombie is moderately damaged.
The elf zombie hits you but does no damage.
You barely miss the elf zombie.
The elf zombie is moderately damaged.
You barely miss the elf zombie.
The elf zombie is moderately damaged.
The elf zombie barely misses you.
You slice the elf zombie!!
The elf zombie is heavily damaged.
The elf zombie hits you.
You die...

#################
∩..........Z#@?# .
..........ZZZ??#
.#####........Z####
..............Z...#
..................#
.....Z.....##.....#
...........##.....#
..................#
..................#


You could see a goblin zombie, 2 gnoll zombies, 2 orc zombies and an elf zombie.

Vanquished Creatures
  A hound zombie (Ossuary)
  A mummy (Ossuary)
  3 adder zombies (Ossuary)
  A jackal zombie (Ossuary)
6 creatures vanquished.

Notes
Turn   | Place    | Note
-------+----------+-------------------------------------------
     0 | D:5      | GordonOverkill the Demigod Delver began the quest for the
                  | Orb.
     0 | D:5      | Reached XP level 1. HP: 18/18 MP: 3/3
   167 | D:4      | Noticed a wight
   167 | D:4      | Noticed a wight
   199 | D:4      | Found a staircase to the Ecumenical Temple.
   234 | D:4      | Found a sand-covered staircase.
   238 | Ossuary  | Entered an ossuary
   259 | Ossuary  | Reached XP level 2. HP: 10/25 MP: 4/4
   277 | Ossuary  | Reached XP level 3. HP: 4/30 MP: 5/5
   281 | Ossuary  | Slain by an elf zombie

Illustrated notes

Levels and vault maps discovered:
D:4:      lemuel_castle_with_subvaults [lemuel_castle_interior_carwin_3],
          layout_loops_ring, old_standard_altar,
          minmay_temple_entry_glassed_door, enter_ossuary_5
D:5:      layout_loops_corners, mainiacjoe_overflow_alcove_4,
          hangedman_decor_clover_reticule, nicolae_wormholes, uniq_blork_the_orc
D:6:      minmay_evil_eye, layout_layer_cave
Ossuary:  ossuary_minmay_tomb_2a

Skill      XL: |  1  2 |
---------------+-------+-----
Axes           | 2 3 |  3.4
Fighting       | |  2.6
Dodging        | |  1.7
Stealth        | |  4.5

Action                     || total
---------------------------++-------
  Melee: War axe           ||    27
    Use: Potion            ||     2
         Scroll            ||     1
 Armour: Leather armour    ||    25
  Dodge: Dodged            ||    34

Table legend: (Time is in decaauts)
 A = Elapsed time spent in this place.
 B = Non-inter-level travel time spent in this place.
 C = Inter-level travel time spent in this place.
 D = Time resting spent in this place.
 E = Time spent auto-exploring this place.
 F = Levels seen in this place.
 G = Mean time per level.
                   A        B        C        D        E       F      G
               +--------+--------+--------+--------+--------+-----+--------+
         Total |    277 |    277 |      0 |      0 |      0 |   4 |   69.2 |
       Dungeon |    237 |    237 |      0 |      0 |      0 |   3 |   79.0 |
       Ossuary |     40 |     40 |      0 |      0 |      0 |   1 |   40.0 |
               +--------+--------+--------+--------+--------+-----+--------+

Top non-repeatable levels by time:
     D:5: 152 daAuts
     D:4: 70 daAuts
 Ossuary: 40 daAuts
     D:6: 14 daAuts
